cohdb
Replays
Latest Replays
All Replays
Popular Replays
Top Player Replays
Match Explorer
How It Works
Community
CoH3 Stats
Reddit
Sign in to upload your games and track your stats! →
Sign in with Steam
Match 44145064
Unlisted
Match 44145064
Overview
Messages
Build Orders
End
Pioneer Squad
Construct Infanterie Kompanie
Selects Luftwaffe Battlegroup
Selects Luftwaffe Pioneer Support
Pioneer Squad
Grenadier Squad
Grenadier Squad
Grenadier Squad
Grenadier Squad
Construct Luftwaffe Kompanie
Infanterie Officer Quarters
Grenadier Squad
Support Elements
Selects LG40 Recoilless Gun Paradrop
Grenadier Squad
Marder III M Tank Destroyer
Wirbelwind Flakpanzer
Marder III M Tank Destroyer
MähnGiL
Barbarossa
0
0
Comments
sign in to comment!
No comments posted yet!